 Dungeon Crawl Stone Soup version 0.30-a0-719-gcc4359ea44 (webtiles) character file.

Game seed: 647620682475086464

2 sircluck the Shooter (level 1, 0/10 HPs)
             Began as a Spriggan Hunter on Jan 27, 2023.
             Slain by a frilled lizard (2 damage)
             ... on level 1 of the Dungeon.
             The game lasted 00:01:16 (229 turns).

sircluck the Shooter (Spriggan Hunter)               Turns: 229, Time: 00:01:17

Health: 0/10       AC:  2    Str:  7    XL:     1   Next: 33%
Magic:  2/2        EV: 17    Int: 10    God:
Gold:   13         SH:  0    Dex: 18    Spells: 0/0 levels left

rFire   . . .      SeeInvis +    a - +0 shortbow
rCold   . . .      Faith    .    (shield currently unavailable)
rNeg    . . .      Spirit   .    c - +0 robe
rPois   .          Reflect  .    (helmet restricted)
rElec   .          Harm     .    (no cloak)
rCorr   .          Rampage  .    (gloves unavailable)
Will    .....                    (boots unavailable)
Stlth   ++                       (no amulet)
HPRegen 0.21/turn                (no ring)
MPRegen 0.08/turn                (no ring)

@: very quick
A: very small, no large weapons, unfitting armour, see invisible, speed 3
a: no special abilities


You were on level 1 of the Dungeon.
You visited 1 branch of the dungeon, and saw 1 of its levels.

You collected 13 gold pieces.

Inventory:

Hand Weapons
 a - a +0 shortbow (weapon)
Armour
 c - a +0 robe (worn)
Scrolls
 b - a scroll of immolation
Potions
 d - a potion of resistance {unknown}


   Skills:
 + Level 1.5 Fighting
 + Level 4.1 Ranged Weapons
 + Level 2.7 Dodging
 + Level 1.5 Stealth


You couldn't memorise any spells.
You didn't know any spells.
Your spell library was empty.

Dungeon Overview and Level Annotations

Branches:
Dungeon (1/15)

Altars:


Innate Abilities, Weirdness & Mutations

You are very small and have problems with some larger weapons.
You are too small for most types of armour.
You have supernaturally acute eyesight. (SInv)
You cover ground extremely quickly. (Speed+++)


Message History

The frilled lizard bites you. The frilled lizard misses you.
The frilled lizard barely misses you.
The frilled lizard bites you but does no damage.
The frilled lizard misses you. The frilled lizard closely misses you.
The frilled lizard completely misses you.
The frilled lizard barely misses you. The frilled lizard closely misses you.
The frilled lizard closely misses you. The frilled lizard misses you.
The frilled lizard barely misses you. The frilled lizard bites you.
The frilled lizard closely misses you. The frilled lizard misses you.
The frilled lizard bites you.
The frilled lizard hisses.
The frilled lizard bites you. The frilled lizard closely misses you.
The frilled lizard misses you. The frilled lizard barely misses you.
The frilled lizard bites you. The frilled lizard bites you.
* * * LOW HITPOINT WARNING * * *
The frilled lizard bites you.
* * * LOW HITPOINT WARNING * * *
The frilled lizard barely misses you. The frilled lizard barely misses you.
The frilled lizard completely misses you.
The frilled lizard completely misses you.
The frilled lizard barely misses you. The frilled lizard barely misses you.
The frilled lizard barely misses you.
The frilled lizard hisses.
The frilled lizard closely misses you. The frilled lizard closely misses you.
The frilled lizard bites you.
* * * LOW HITPOINT WARNING * * *
The frilled lizard bites you.
You die...

P♣.# #.# #.# .♣.#
#.# #.# .♣.# #.#
#####.. P♣.####.#
#...# P♣......#
#...#
♣♣.########...####
...#####.........#
.................#
########.......l@#
####...#### #...#
#...# ##.## #.#
..#


You could see a frilled lizard.

Vanquished Creatures
  2 hobgoblins (D:1)
2 creatures vanquished.

Vanquished Creatures (others)
  4 fungi (D:1)
4 creatures vanquished.

Grand Total: 6 creatures vanquished

Notes
Turn   | Place    | Note
-------+----------+-------------------------------------------
     0 | D:1      | sircluck the Spriggan Hunter began the quest for the Orb.
     0 | D:1      | Reached XP level 1. HP: 10/10 MP: 2/2
   229 | D:1      | Slain by a frilled lizard

Illustrated notes

Levels and vault maps discovered:
D:1:      scummos_arrival_checkerplants, layout_loops_ring

Action                     || total
---------------------------++-------
   Fire: Shortbow          ||    14
 Armour: Robe              ||     6
  Dodge: Dodged            ||    69

Table legend: (Time is in decaauts)
 A = Elapsed time spent in this place.
 B = Non-inter-level travel time spent in this place.
 C = Inter-level travel time spent in this place.
 D = Time resting spent in this place.
 E = Time spent auto-exploring this place.
 F = Levels seen in this place.
 G = Mean time per level.
                   A        B        C        D        E       F      G
               +--------+--------+--------+--------+--------+-----+--------+
         Total |    191 |    191 |      0 |      0 |     62 |   1 |  191.0 |
       Dungeon |    191 |    191 |      0 |      0 |     62 |   1 |  191.0 |
               +--------+--------+--------+--------+--------+-----+--------+

Top non-repeatable levels by time:
     D:1: 191 daAuts
